| TOP OF THE 1ST |
|
Pawtucket Red Sox batting - Pitching for Durham Bulls : LHP Tris Ross
|
|
Pitching: LHP Tris Ross
|
|
|
Batting: LHB Tim Fuller
|
0-0: Called Strike 0-1: Ground out 6-3 (Groundball, 56, EV 80.6 MPH)
|
|
Batting: RHB Ernie Genier
|
0-0: Ground out 6-3 (Groundball, 6, EV 86.2 MPH)
|
|
Batting: RHB Eric Garrett
|
0-0: Ball 1-0: Fly out, F8 (Flyball, 8RS, EV 84.4 MPH)
|
| Top of the 1st over - 0 runs, 0 hits, 0 errors, 0 left on base; Pawtucket 0 - Durham 0 |
| BOTTOM OF THE 1ST |
|
Durham Bulls batting - Pitching for Pawtucket Red Sox : RHP Steve Capizzi
|
|
Pitching: RHP Steve Capizzi
|
|
|
Batting: LHB Jake Rheaume
|
0-0: Called Strike 0-1: Ball 1-1: Ball 2-1: Ball 3-1: Called Strike 3-2: Foul Ball, location: 2F 3-2: Foul Ball, location: 2F 3-2: Reached on error, E3 (Groundball, 34S, EV 87.5 MPH)
|
|
Batting: RHB Paul Landes
|
0-0: Ball 1-0: Foul Ball, location: 2F 1-1: Fly out, F9 (Flyball, 9, EV 91.2 MPH)
|
|
Batting: LHB Jimmy Buscemi
|
0-0: Called Strike Jake Rheaume steals 2nd base 0-1: Ball 1-1: Foul Ball, location: 2F 1-2: Foul Ball, location: 2F 1-2: Strikes out looking
|
|
Batting: SHB Brett McEwen
|
0-0: Ball 1-0: Called Strike 1-1: Foul Ball, location: 2F 1-2: Ball 2-2: Ball 3-2: Ground out 6-3 (Groundball, 6, EV 103.8 MPH)
|
| Bottom of the 1st over - 0 runs, 0 hits, 1 error, 1 left on base; Pawtucket 0 - Durham 0 |
| TOP OF THE 2ND |
|
Pawtucket Red Sox batting - Pitching for Durham Bulls : LHP Tris Ross
|
|
Batting: RHB Dave Nickerson
|
0-0: Ball 1-0: Foul Ball, location: 2F 1-1: Ball 2-1: Ball 3-1: Base on Balls
|
|
Batting: LHB Jarrett Mordecai
|
0-0: Swinging Strike 0-1: Ball 1-1: Foul Ball, location: 2F 1-2: Strikes out swinging
|
|
Batting: RHB Brandon Perris
|
0-0: Called Strike 0-1: Fly out, F9 (Flyball, 9, EV 91.9 MPH)
|
|
Batting: RHB Neil Mautone
|
0-0: Ground out 6-3 (Groundball, 6MS, EV 84.4 MPH)
|
| Top of the 2nd over - 0 runs, 0 hits, 0 errors, 1 left on base; Pawtucket 0 - Durham 0 |
| BOTTOM OF THE 2ND |
|
Durham Bulls batting - Pitching for Pawtucket Red Sox : RHP Steve Capizzi
|
|
Batting: RHB Kevin Benfield
|
0-0: Called Strike 0-1: Ball 1-1: Swinging Strike 1-2: Ball 2-2: Ball 3-2: Foul Ball, location: 2F 3-2: Fly out, F7 (Flyball, 7, EV 87.5 MPH)
|
|
Batting: SHB Jose Vargas
|
0-0: Ground out 6-3 (Groundball, P, EV 78.1 MPH)
|
|
Batting: LHB Brian Hollinger
|
0-0: SINGLE (Groundball, 56D, EV 98.8 MPH)
|
|
Batting: RHB Jesse Haddad
|
0-0: Ball 1-0: Ball 2-0: Called Strike 2-1: SINGLE (Groundball, 56D, EV 109.4 MPH) Brian Hollinger to second
|
|
Batting: RHB Devin Brown
|
0-0: Fielders Choice at 2nd, 6-4 (Groundball, 6, EV 108.8 MPH)
|
| Bottom of the 2nd over - 0 runs, 2 hits, 0 errors, 2 left on base; Pawtucket 0 - Durham 0 |
| TOP OF THE 3RD |
|
Pawtucket Red Sox batting - Pitching for Durham Bulls : LHP Tris Ross
|
|
Batting: RHB Joe Evrard
|
0-0: Called Strike 0-1: Foul Ball, location: 2F 0-2: Ball 1-2: Strikes out looking
|
|
Batting: LHB Mike Jones
|
0-0: Ball 1-0: Ball 2-0: Called Strike 2-1: Called Strike 2-2: Strikes out swinging
|
|
Batting: LHB Tim Fuller
|
0-0: Foul Ball, location: 2F 0-1: Ball 1-1: Foul Ball, location: 2F 1-2: Foul Ball, location: 2F 1-2: Strikes out looking
|
| Top of the 3rd over - 0 runs, 0 hits, 0 errors, 0 left on base; Pawtucket 0 - Durham 0 |
| BOTTOM OF THE 3RD |
|
Durham Bulls batting - Pitching for Pawtucket Red Sox : RHP Steve Capizzi
|
|
Batting: LHB Jake Rheaume
|
0-0: Called Strike 0-1: Swinging Strike 0-2: DOUBLE (Flyball, 8RXD, EV 101.2 MPH)
|
|
Batting: RHB Paul Landes
|
0-0: Ball Wild Pitch! Jake Rheaume to third 1-0: Ball 2-0: Ball 3-0: Called Strike 3-1: Base on Balls
|
|
Batting: LHB Jimmy Buscemi
|
0-0: Ball 1-0: Ball 2-0: Ball 3-0: Base on Balls Paul Landes to second
|
|
Batting: SHB Brett McEwen
|
0-0: Called Strike 0-1: Ball 1-1: Ball 2-1: Ball 3-1: Grounds into double play, 4-6-3 (Groundball, 4, EV 80.0 MPH) Jake Rheaume scores Paul Landes to third
|
|
Batting: RHB Kevin Benfield
|
0-0: Ball 1-0: Ball 2-0: Fly out, F9 (Flyball, 9S, EV 74.4 MPH)
|
| Bottom of the 3rd over - 1 run, 1 hit, 0 errors, 1 left on base; Pawtucket 0 - Durham 1 |
| TOP OF THE 4TH |
|
Pawtucket Red Sox batting - Pitching for Durham Bulls : LHP Tris Ross
|
|
Batting: RHB Ernie Genier
|
0-0: Ball 1-0: Ground out 6-3 (Groundball, 6, EV 100.6 MPH)
|
|
Batting: RHB Eric Garrett
|
0-0: Ball 1-0: Fly out, F9 (Flyball, 89M, EV 87.5 MPH)
|
|
Batting: RHB Dave Nickerson
|
0-0: Swinging Strike 0-1: Called Strike 0-2: Ball 1-2: Ball 2-2: Ground out 2-3 (Groundball, 2L, EV 68.8 MPH)
|
| Top of the 4th over - 0 runs, 0 hits, 0 errors, 0 left on base; Pawtucket 0 - Durham 1 |
| BOTTOM OF THE 4TH |
|
Durham Bulls batting - Pitching for Pawtucket Red Sox : RHP Steve Capizzi
|
|
Batting: SHB Jose Vargas
|
0-0: Ground out 6-3 (Groundball, 6, EV 78.8 MPH)
|
|
Batting: LHB Brian Hollinger
|
0-0: Ball 1-0: Ball 2-0: Ball 3-0: Base on Balls
|
|
Batting: RHB Jesse Haddad
|
0-0: Ball 1-0: Foul Ball, location: 2F 1-1: Foul Ball, location: 2F 1-2: Ball 2-2: Strikes out swinging
|
|
Batting: RHB Devin Brown
|
0-0: Swinging Strike 0-1: Fielders Choice at 2nd, U6 (Groundball, 6M, EV 83.8 MPH)
|
| Bottom of the 4th over - 0 runs, 0 hits, 0 errors, 1 left on base; Pawtucket 0 - Durham 1 |
| TOP OF THE 5TH |
|
Pawtucket Red Sox batting - Pitching for Durham Bulls : LHP Tris Ross
|
|
Batting: LHB Jarrett Mordecai
|
0-0: Ball 1-0: Ball 2-0: Called Strike 2-1: DOUBLE (Flyball, 78XD, EV 100.0 MPH)
|
|
Batting: RHB Brandon Perris
|
0-0: Swinging Strike 0-1: Foul Ball, location: 2F 0-2: SINGLE (Groundball, 34D, EV 96.9 MPH) Jarrett Mordecai to third Runner from 3rd tries for Home, SAFE, throw by RF to home
|
|
Batting: RHB Neil Mautone
|
0-0: Ball 1-0: Called Strike 1-1: Foul Ball, location: 2F 1-2: Foul Ball, location: 2F 1-2: Foul Ball, location: 2F 1-2: Ball 2-2: DOUBLE (Line Drive, 89D, EV 107.5 MPH) Brandon Perris to third
|
|
Batting: RHB Joe Evrard
|
0-0: Called Strike 0-1: Ball 1-1: Ball 2-1: Swinging Strike 2-2: Foul Ball, location: 2F 2-2: Strikes out swinging
|
|
Batting: LHB Mike Jones
|
0-0: Called Strike 0-1: Ground out 6-3 (Groundball, 6S, EV 91.9 MPH) Brandon Perris scores
|
|
Batting: LHB Tim Fuller
|
0-0: Called Strike 0-1: SINGLE (Groundball, 3D, EV 103.8 MPH) Neil Mautone to third Runner from 3rd tries for Home, throw by RF and OUT! 9-2
|
| Top of the 5th over - 2 runs, 4 hits, 0 errors, 1 left on base; Pawtucket 2 - Durham 1 |
| BOTTOM OF THE 5TH |
|
Durham Bulls batting - Pitching for Pawtucket Red Sox : RHP Steve Capizzi
|
|
Batting: LHB Jake Rheaume
|
0-0: Ball 1-0: Called Strike 1-1: Ground out 1-3 (Groundball, 15S, EV 67.5 MPH)
|
|
Batting: RHB Paul Landes
|
0-0: Ball 1-0: Swinging Strike 1-1: Foul Ball, location: 2F 1-2: Ball 2-2: Foul Ball, location: 2F 2-2: Ball 3-2: Base on Balls
|
|
Batting: LHB Jimmy Buscemi
|
0-0: Ball 1-0: Called Strike 1-1: Swinging Strike 1-2: Strikes out looking
|
|
Batting: SHB Brett McEwen
|
0-0: Called Strike 0-1: Called Strike 0-2: Fielders Choice at 2nd, 5-4 (Groundball, 56, EV 83.8 MPH)
|
| Bottom of the 5th over - 0 runs, 0 hits, 0 errors, 1 left on base; Pawtucket 2 - Durham 1 |
| TOP OF THE 6TH |
|
Pawtucket Red Sox batting - Pitching for Durham Bulls : LHP Tris Ross
|
|
Batting: RHB Ernie Genier
|
0-0: Swinging Strike 0-1: Foul Ball, location: 2F 0-2: Strikes out swinging
|
|
Batting: RHB Eric Garrett
|
0-0: Swinging Strike 0-1: Ball 1-1: Called Strike 1-2: Fly out, F9 (Flyball, 9LD, EV 99.4 MPH)
|
|
Batting: RHB Dave Nickerson
|
0-0: Swinging Strike 0-1: Ball 1-1: Called Strike 1-2: Fly out, F3 (Popup, 3SF, EV 76.2 MPH)
|
| Top of the 6th over - 0 runs, 0 hits, 0 errors, 0 left on base; Pawtucket 2 - Durham 1 |
| BOTTOM OF THE 6TH |
|
Durham Bulls batting - Pitching for Pawtucket Red Sox : RHP Steve Capizzi
|
|
Batting: RHB Kevin Benfield
|
0-0: Ball 1-0: Ball 2-0: Called Strike 2-1: SINGLE (Groundball, 34D, EV 96.2 MPH)
|
|
Batting: SHB Jose Vargas
|
0-0: Ball 1-0: Swinging Strike 1-1: Foul Ball, location: 2F 1-2: Strikes out looking
|
|
Pitching: RHP Pedro Torres
|
|
|
Batting: LHB Brian Hollinger
|
0-0: Ball 1-0: Called Strike 1-1: Ball 2-1: SINGLE (Line Drive, 5D, EV 98.1 MPH) Kevin Benfield to second
|
|
Pinch Hitting: LHB Mario Ocana
|
0-0: DOUBLE (Groundball, 5L, EV 98.8 MPH) Kevin Benfield scores Brian Hollinger to third Runner from 3rd tries for Home, SAFE, no throw by LF
|
|
Batting: RHB Devin Brown
|
0-0: Called Strike 0-1: Ground out 5-3 (Groundball, 5L, EV 102.5 MPH)
|
|
Batting: LHB Jake Rheaume
|
0-0: Ball 1-0: Ball 2-0: Ball 3-0: Base on Balls
|
|
Batting: RHB Paul Landes
|
0-0: Called Strike 0-1: Ball 1-1: SINGLE (Line Drive, 8RS, EV 92.5 MPH) Mario Ocana to third Jake Rheaume to second Runner from 3rd tries for Home, SAFE, throw by CF to trailing runner, SAFE at third!
|
|
Batting: LHB Jimmy Buscemi
|
0-0: Fly out, F7 (Flyball, 7D, EV 83.8 MPH)
|
| Bottom of the 6th over - 3 runs, 4 hits, 0 errors, 2 left on base; Pawtucket 2 - Durham 4 |
| TOP OF THE 7TH |
|
Pawtucket Red Sox batting - Pitching for Durham Bulls : LHP Tris Ross
|
|
Now in LF: Davion Lewis
|
|
|
Batting: LHB Jarrett Mordecai
|
0-0: Called Strike 0-1: DOUBLE (Line Drive, 7LM, EV 103.8 MPH)
|
|
Batting: RHB Brandon Perris
|
0-0: Ball 1-0: Foul Ball, location: 2F 1-1: SINGLE (Groundball, 15, EV 69.4 MPH) (infield hit) Jarrett Mordecai to third
|
|
Batting: RHB Neil Mautone
|
0-0: Ball 1-0: Foul Ball, location: 2F 1-1: Ball 2-1: Grounds into double play, 5-4-3 (Groundball, 56, EV 82.5 MPH) Jarrett Mordecai scores
|
|
Batting: RHB Joe Evrard
|
0-0: Ball 1-0: Ball 2-0: Called Strike 2-1: Ball 3-1: Swinging Strike 3-2: Foul Ball, location: 2F 3-2: Foul Ball, location: 2F 3-2: Strikes out swinging
|
| Top of the 7th over - 1 run, 2 hits, 0 errors, 0 left on base; Pawtucket 3 - Durham 4 |
| BOTTOM OF THE 7TH |
|
Durham Bulls batting - Pitching for Pawtucket Red Sox : RHP Pedro Torres
|
|
Pitching: RHP Billy Fitzgerald
|
|
|
Batting: SHB Brett McEwen
|
0-0: Ball 1-0: Called Strike 1-1: Called Strike 1-2: Foul Ball, location: 2F 1-2: Ground out U3 (Groundball, 3S, EV 86.2 MPH)
|
|
Batting: RHB Kevin Benfield
|
0-0: Swinging Strike 0-1: Ball 1-1: Ball 2-1: Foul Ball, location: 2F 2-2: Foul Ball, location: 2F 2-2: Ball 3-2: Strikes out swinging
|
|
Batting: SHB Jose Vargas
|
0-0: Called Strike 0-1: Swinging Strike 0-2: Fly out, F7 (Line Drive, 7, EV 104.4 MPH)
|
| Bottom of the 7th over - 0 runs, 0 hits, 0 errors, 0 left on base; Pawtucket 3 - Durham 4 |
| TOP OF THE 8TH |
|
Pawtucket Red Sox batting - Pitching for Durham Bulls : LHP Tris Ross
|
|
Pinch Hitting: RHB Dan Friess
|
0-0: Swinging Strike 0-1: Ball 1-1: Foul Ball, location: 2F 1-2: Ball 2-2: Ball 3-2: Base on Balls
|
|
Batting: LHB Tim Fuller
|
0-0: Bunted foul 0-1: Bunted foul 0-2: Grounds into double play, 6-4-3 (Groundball, 6, EV 90.0 MPH)
|
|
Batting: RHB Ernie Genier
|
0-0: Ball 1-0: Fly out, F9 (Flyball, 89M, EV 90.6 MPH)
|
| Top of the 8th over - 0 runs, 0 hits, 0 errors, 0 left on base; Pawtucket 3 - Durham 4 |
| BOTTOM OF THE 8TH |
|
Durham Bulls batting - Pitching for Pawtucket Red Sox : RHP Billy Fitzgerald
|
|
Pitching: RHP Joseph Anderson
|
|
|
Now in CF: Gus Cruz
|
|
|
Batting: LHB Brian Hollinger
|
0-0: Called Strike 0-1: Swinging Strike 0-2: Strikes out swinging
|
|
Batting: LHB Davion Lewis
|
0-0: Ball 1-0: Ball 2-0: Foul Ball, location: 2F 2-1: Foul Ball, location: 2F 2-2: Foul Ball, location: 2F 2-2: Ball 3-2: Foul Ball, location: 2F 3-2: Base on Balls
|
|
Batting: RHB Devin Brown
|
0-0: Called Strike 0-1: Ball 1-1: Ball 2-1: Called Strike 2-2: Strikes out looking
|
|
Batting: LHB Jake Rheaume
|
0-0: Ball Davion Lewis is caught stealing 2nd base 2-6
|
| Bottom of the 8th over - 0 runs, 0 hits, 0 errors, 0 left on base; Pawtucket 3 - Durham 4 |
| TOP OF THE 9TH |
|
Pawtucket Red Sox batting - Pitching for Durham Bulls : LHP Tris Ross
|
|
Pitching: RHP Nelson Dawson
|
|
|
Pinch Hitting: LHB John Bailey
|
0-0: Ball 1-0: Ball 2-0: Ground out 6-3 (Groundball, 6, EV 90.0 MPH)
|
|
Pinch Hitting: LHB Parker Lowe
|
0-0: Ball 1-0: Swinging Strike 1-1: Called Strike 1-2: Foul Ball, location: 2F 1-2: Strikes out looking
|
|
Batting: LHB Jarrett Mordecai
|
0-0: Called Strike 0-1: Ball 1-1: Ball 2-1: Ball 3-1: Called Strike 3-2: Ground out U3 (Groundball, 34S, EV 79.4 MPH)
|
| Top of the 9th over - 0 runs, 0 hits, 0 errors, 0 left on base; Pawtucket 3 - Durham 4 |
|